 Dungeon Crawl Stone Soup version 0.32-a0-931-g5a2cda0630 (webtiles) character file.

Game seed: 7859309538205544440

55787 Biggs the Covert (level 14, 0/77 HPs)
             Began as a Vine Stalker Brigand on Apr 14, 2024.
             Was a High Priest of Wu Jian.
             Slain by a jumping spider (5 damage)
             ... on level 2 of the Spider Nest.
             The game lasted 00:43:38 (6629 turns).

Biggs the Covert (Vine Stalker Brigand)             Turns: 6629, Time: 00:43:39

Health: 0/77       AC: 28    Str: 14    XL:     14   Next: 34%
Magic:  0/15       EV: 12    Int: 11    God:    Wu Jian [*****.]
Gold:   904        SH:  0    Dex: 23    Spells: 13/13 levels left

rFire   . . .        I - +4 dagger (drain)
rCold   + . .        (no shield)
rNeg    . . .        o - +12 chain mail "Geqe" {Regen+ rCorr Dex+2}
rPois   +            (no helmet)
rElec   .            K - +1 cloak
rCorr   +            (no gloves)
SInv    .            S - +0 pair of boots
Will    +....        (no amulet)
Stlth   +++          h - ring of poison resistance
HPRegen 1.92/turn    z - ring of protection from cold
MPRegen 0.14/turn

%: guardian spirit
@: no status effects
A: fangs 3, regeneration 1, magic shield, antimagic bite, no potion heal 2
a: Renounce Religion, Wall Jump, Serpent's Lash, Heavenly Storm


You were on level 2 of the Spider Nest.
You worshipped Wu Jian.
Wu Jian was extremely pleased with you.
You visited 4 branches of the dungeon, and saw 19 of its levels.

You collected 904 gold pieces.

Inventory:

Hand Weapons
 a - a +2 dagger
 w - a +1 dagger of holy wrath
 I - a +4 dagger of draining (weapon)
 N - a +2 dagger of venom
 T - a +2 short sword of venom
Missiles
 b - 3 throwing nets
 d - 23 poisoned darts (quivered)
 e - 15 curare-tipped darts
Armour
 o - the +12 chain mail "Geqe" (worn) {Regen+ rCorr Dex+2}
   (You found it on level 2 of the Dungeon)

   Dex+2:     It affects your dexterity (+2).
   Regen+:    It increases your rate of health regeneration.
   rCorr:     It protects you from acid and corrosion.
 K - a +1 cloak (worn)
 S - a +0 pair of boots (worn)
Jewellery
 h - a ring of poison resistance (left hand)
 z - a ring of protection from cold (right hand)
 A - a +6 ring of dexterity
 D - a ring of fire
 H - a +6 ring of dexterity
 L - a ring of ice
Wands
 p - a wand of flame (31)
 r - a wand of charming (12)
 t - a wand of light (1)
 y - a wand of warping (8)
Scrolls
 f - a scroll of blinking
 g - a scroll of enchant weapon {unknown}
 n - a scroll of teleportation
 s - a scroll of immolation {unknown}
 u - a scroll of enchant armour {unknown}
 v - 3 scrolls of noise
 x - 2 scrolls of fear
 B - 2 scrolls of identify {unknown}
 C - a scroll of acquirement {unknown}
 E - a scroll of fog {unknown}
 F - 3 scrolls of vulnerability
 G - 2 scrolls of revelation {unknown}
 M - a scroll of poison {unknown}
 P - a scroll of silence {unknown}
Potions
 c - a potion of mutation {unknown}
 i - a potion of lignification {unknown}
 j - a potion of enlightenment {unknown}
 k - 4 potions of curing {unknown}
 l - 2 potions of haste {unknown}
 m - 2 potions of might {unknown}
 q - a potion of cancellation {unknown}
 J - 2 potions of heal wounds {unknown}
 O - 2 potions of berserk rage {unknown}
 Q - a potion of degeneration {unknown}
 R - a potion of brilliance {unknown}


   Skills:
 + Level 10.7 Fighting
 - Level 10.0 Short Blades
 - Level 1.7 Throwing
 - Level 11.1 Armour
 - Level 9.5 Dodging
 - Level 12.6 Stealth


You had 13 spell levels left.
You didn't know any spells.
Your spell library contained the following spells:

 Spells                   Type           Power      Damage    Failure   Level
 Apportation              Tloc           0%         N/A       97%         1
 Freeze                   Ice            0%         1d3       97%         1
 Summon Small Mammal      Summ           0%         N/A       97%         1
 Blink                    Tloc           0%         N/A       99%         2
 Jinxbite                 Hex            0%         N/A       99%         2
 Lesser Beckoning         Tloc           0%         N/A       99%         2
 Momentum Strike          Conj/Tloc      0%         3d8       99%         2
 Call Canine Familiar     Summ           0%         N/A       100%        3
 Dazzling Flash           Conj/Hex       0%         N/A       100%        3
 Frozen Ramparts          Ice            0%         1d1       100%        3
 Hailstorm                Conj/Ice       0%         3d5       100%        3
 Mephitic Cloud           Conj/Alch/Air  0%         N/A       100%        3
 Summon Ice Beast         Ice/Summ       0%         N/A       100%        3
 Volatile Blastmotes      Fire/Tloc      0%         2d10      100%        3
 Summon Blazeheart Golem  Fire/Summ      0%         N/A       100%        4
 Summon Lightning Spire   Summ/Air       0%         N/A       100%        4
 Vhi's Electric Charge    Tloc/Air       0%         N/A       100%        4
 Alistair's Intoxication  Alch           0%         N/A       100%        5
 Curse of Agony           Necr           0%         N/A       100%        5
 Silence                  Hex/Air        0%         N/A       100%        5
 Yara's Violent Unravell  Hex/Alch       0%         3d3       100%        5
 Enfeeble                 Hex            0%         N/A       100%        7


Dungeon Overview and Level Annotations

Branches:
Dungeon (11/15)            Temple (1/1) D:6            Lair (5/5) D:11
 Shoals (0/4) Lair:2       Spider (2/4) Lair:2        Slime (0/5) Lair:4
    Orc (0/2) D:9

Altars:
Dithmenos
Elyvilon
Fedhas
Hepliaklqana
Kikubaaqudgha
Makhleb
Nemelex Xobeh
Qazlal
Ru
Sif Muna
Uskayaw
Vehumet
Wu Jian
Xom
Yredelemnul
The Shining One
Jiyva

Portals:
Hell: Lair:5

Annotations:
D:3 2 transporters
D:6 1 runed translucent door, innerfire43's ghost, novice DsWn
Lair:3 3 runed translucent doors, adeline's ghost, journeyman MDFi
Lair:5 Gunch's ghost, journeyman OnWr


Innate Abilities, Weirdness & Mutations

You have razor-sharp teeth.
Your natural rate of healing is unusually fast.
When hurt, damage is shared between your health and your magic reserves.
Your bite disrupts and absorbs the magic of your enemies.
Potions cannot restore your health.


Message History

A jumping spider comes into view.
A boulder beetle comes into view.
The culicivora bites you but does no damage.
The radroach waves its antennae.
The radroach completely misses you.
The radroach claws you but does no damage.
The jumping spider's many legs skitter faintly.
Unknown command.
Found 4 stones.
You spin and attack the radroach repeatedly.
You barely miss the radroach. You hit the radroach but do no damage.
You spin and attack the jumping spider repeatedly.
You hit the jumping spider but do no damage.
You barely miss the jumping spider.
You spin and attack the culicivora repeatedly.
You miss the culicivora. You barely miss the culicivora.
The culicivora bites you!!
The culicivora draws strength from your injuries!
The jumping spider pounces on you!
* * * LOW HITPOINT WARNING * * *
You are caught in a web!
The jumping spider bites you but does no damage.
The radroach bites you but does no damage.
The radroach claws you but does no damage.
The jumping spider closely misses you.
The jumping spider bites you but does no damage.
The culicivora bites you!
* * * LOW HITPOINT WARNING * * *
The culicivora draws strength from your injuries!
There is a web, spattered with blood here.
Unknown command.
Unknown command.
Unknown command.
The web tears apart.
You feel less exhausted. The culicivora bites you!
* * * LOW HITPOINT WARNING * * *
The culicivora draws strength from your injuries!
The jumping spider pounces on you.
You die...

### ##
#<###^##
#..#...#
#......#
##.B..>#
#s@s...#
##sB..##
...### .....
.......
...#..#..
(.#.#..#...
...###.##.#..


You could see a radroach, a boulder beetle, a culicivora and 2 jumping spiders.

Vanquished Creatures
  Harold (D:9)
  5 hydras
  An occultist (Lair:5)
  A sun demon (Lair:5)
  A skyshark (Lair:4)
  A steelbarb worm (Spider:1)
  A manticore (D:11)
  Maurice (D:9)
  15 elephants
  5 black mambas
  A merfolk siren (Lair:2)
  A gargoyle (D:9)
  A smoke demon (Lair:5)
  10 cane toads
  An orange demon (Lair:5)
  7 rime drakes
  3 ice devils (Lair:5)
  The ghost of GiantSquids the Martial Artist, a novice OpSh of Wu Jian (D:5)
  2 red devils (Lair:5)
  7 komodo dragons
  2 trolls (D:11)
  3 polar bears
  3 merfolk (Lair:2)
  Prince Ribbit (Lair:2)
  17 blink frogs
  2 shadows
  3 wyverns
  A culicivora (Lair:2)
  66 yaks
  2 basilisks
  A warg (D:11)
  2 redbacks (Spider:1)
  5 vampire mosquitoes (Lair:2)
  Edmund (D:5)
  2 acid dragons
  4 hell hounds (Lair:5)
  13 water moccasins
  4 orc warriors
  2 black bears
  2 ogres
  9 wolves
  5 centaurs
  3 kobold brigands
  A phantom (D:7)
  8 bullfrogs
  2 scorpions
  7 wights
  5 killer bees (D:11)
  7 howler monkeys
  2 bombardier beetles
  3 jellies (Lair:4)
  4 quasits (D:5)
  6 orc priests
  A hound (D:5)
  A gnoll bouda (D:4)
  2 sleepcaps
  Terence (D:2)
  3 iguanas
  9 orc wizards
  5 hell rats (Lair:3)
  6 adders
  3 gnolls (D:4)
  3 white imps
  2 ufetubi (D:5)
  3 dart slugs
  24 orcs
  4 bats
  6 endoplasms
  4 giant cockroaches
  4 goblins
  4 hobgoblins
  5 jackals
  14 kobolds
  2 quokkas
  4 ball pythons
  4 frilled lizards
  4 rats
382 creatures vanquished.

Notes
Turn   | Place    | Note
-------+----------+-------------------------------------------
     0 | D:1      | Biggs the Vine Stalker Brigand began the quest for the Orb.
     0 | D:1      | Reached XP level 1. HP: 11/11 MP: 2/2
    36 | D:1      | Got the Quarto of the Geodesic and Beckoning
   133 | D:1      | Reached XP level 2. HP: 13/15 MP: 3/3
   260 | D:2      | Found a faded altar of an unknown god.
   264 | D:2      | Noticed Terence
   288 | D:2      | Killed Terence
   289 | D:2      | Reached XP level 3. HP: 13/18 MP: 2/4
   322 | D:2      | Reached XP level 4. HP: 23/23 MP: 5/5
   500 | D:2      | Identified the +12 chain mail "Geqe" {Regen+ rCorr Dex+2}
   638 | D:3      | Found a transporter.
   657 | D:3      | Found a transporter.
   800 | D:4      | Reached XP level 5. HP: 26/26 MP: 6/6
   824 | D:4      | Reached skill level 5 in Short Blades
   829 | D:4      | Found a blossoming altar of Fedhas.
   859 | D:4      | Reached XP level 6. HP: 30/30 MP: 7/7
  1155 | D:5      | Entered Level 5 of the Dungeon
  1165 | D:5      | Found a transporter.
  1178 | D:5      | Reached XP level 7. HP: 34/34 MP: 8/8
  1287 | D:5      | Found a transporter.
  1314 | D:5      | Noticed GiantSquids's ghost (novice OpSh)
  1322 | D:5      | Noticed Edmund
  1341 | D:5      | Killed Edmund
  1342 | D:5      | Gained mutation: You have razor-sharp teeth. [Vine Stalker
                  | growth]
  1342 | D:5      | Reached XP level 8. HP: 37/38 MP: 9/9
  1456 | D:5      | Killed GiantSquids's ghost
  1629 | D:6      | Found an ancient bone altar of Kikubaaqudgha.
  1656 | D:6      | Found a runed translucent door.
  1659 | D:6      | Noticed innerfire43's ghost (novice DsWn)
  1829 | D:6      | Found a staircase to the Ecumenical Temple.
  1871 | Temple   | Entered the Ecumenical Temple
  1892 | Temple   | Became a worshipper of the Wu Jian Council
  2103 | D:7      | Reached skill level 10 in Short Blades
  2137 | D:7      | Reached XP level 9. HP: 39/44 MP: 7/10
  2265 | D:7      | Reached skill level 5 in Fighting
  2310 | D:8      | Reached skill level 1 in Armour
  2358 | D:8      | Reached * piety under Wu Jian
  2699 | D:8      | Found a stormy altar of Qazlal.
  2751 | D:9      | Noticed Maurice
  2757 | D:9      | Maurice stole a +6 ring of dexterity
  2760 | D:9      | Noticed a gargoyle
  2763 | D:9      | Killed Maurice
  2782 | D:9      | Killed a gargoyle
  2783 | D:9      | Reached skill level 5 in Armour
  2804 | D:9      | Reached XP level 10. HP: 51/51 MP: 7/11
  2901 | D:9      | Found a shimmering blue altar of Sif Muna.
  2945 | D:9      | Noticed Harold
  2967 | D:9      | Killed Harold
  3030 | D:9      | Reached skill level 5 in Dodging
  3074 | D:9      | Reached ** piety under Wu Jian
  3090 | D:9      | Found a hide-covered altar of Uskayaw.
  3136 | D:9      | Found a staircase to the Orcish Mines.
  3221 | D:10     | Entered Level 10 of the Dungeon
  3315 | D:10     | Reached XP level 11. HP: 58/58 MP: 12/12
  3653 | D:11     | Noticed a manticore
  3663 | D:11     | Killed a manticore
  3749 | D:11     | Reached *** piety under Wu Jian
  3924 | D:11     | Found a staircase to the Lair.
  3933 | Lair:1   | Entered Level 1 of the Lair of Beasts
  3947 | Lair:1   | Noticed an eight-headed hydra
  3952 | Lair:1   | Killed an eight-headed hydra
  4051 | Lair:1   | Reached skill level 10 in Fighting
  4167 | Lair:2   | Noticed a four-headed hydra
  4174 | Lair:2   | Killed a four-headed hydra
  4175 | Lair:2   | Reached XP level 12. HP: 67/67 MP: 13/13
  4197 | Lair:2   | Noticed Prince Ribbit
  4205 | Lair:2   | Killed Prince Ribbit
  4400 | Lair:2   | Reached **** piety under Wu Jian
  4409 | Lair:2   | Found a staircase to the Shoals.
  4435 | Lair:2   | Reached skill level 10 in Armour
  4474 | Lair:3   | Noticed a seven-headed hydra
  4478 | Lair:3   | Killed a seven-headed hydra
  4680 | Lair:3   | Reached XP level 13. HP: 71/72 MP: 14/14
  4908 | Lair:3   | Found a runed translucent gate.
  4909 | Lair:3   | Found a runed translucent gate.
  4910 | Lair:3   | Found a runed translucent gate.
  4912 | Lair:3   | Noticed adeline's ghost (journeyman MDFi)
  4920 | Lair:3   | Found a viscous altar of Jiyva.
  5024 | Lair:4   | Found a viscous altar of Jiyva.
  5025 | Lair:4   | Found a staircase to the Slime Pits.
  5028 | Lair:4   | Reached ***** piety under Wu Jian
  5342 | Lair:5   | Entered Level 5 of the Lair of Beasts
  5351 | Lair:5   | Reached skill level 5 in Stealth
  5401 | Lair:5   | Reached skill level 6 in Stealth
  5437 | Lair:5   | Reached skill level 7 in Stealth
  5504 | Lair:5   | Reached skill level 8 in Stealth
  5508 | Lair:5   | Found a burning altar of Makhleb.
  5596 | Lair:5   | Noticed Gunch's ghost (journeyman OnWr)
  5634 | Lair:5   | Reached skill level 9 in Stealth
  5666 | Lair:5   | Reached XP level 14. HP: 73/77 MP: 15/15
  5720 | Lair:5   | Reached skill level 10 in Stealth
  5749 | Lair:5   | Reached skill level 11 in Stealth
  6075 | Lair:5   | Reached skill level 12 in Stealth
  6084 | Lair:5   | Found a gateway to Hell.
  6086 | Lair:5   | Got an earthy gem with 1911 turns to spare
  6539 | Lair:2   | Found a hole to the Spider Nest.
  6553 | Lair:2   | Reached ****** piety under Wu Jian
  6565 | Spider:1 | Entered Level 1 of the Spider Nest
  6629 | Spider:2 | Slain by a jumping spider

Illustrated notes

Levels and vault maps discovered:
D:1:      roderic_crossed_star, layout_loops_ring, serial_shops, shop
D:2:      layout_rooms, nicolae_ecumenical_pavilion, uniq_terence
D:3:      gammafunk_steamed_eel, layout_loops_cross
D:4:      layout_rooms, fedhas_altar_2, serial_park_tiny_2,
          chequers_serial_rivers_large_b, fountainhead,
          minmay_fractal_squares_diagonal_5
D:5:      layout_basic, cheibrodos_worm_habitat, trog_book,
          gammafunk_ghost_stat_death, uniq_edmund
D:6:      layout_loops_corners, nicolae_kikubaaqudgha_miasma_corner,
          mainiacjoe_overflow_divided_tiny, temple_pool_b,
          ebering_ghost_reflecting_pool
D:7:      layout_rooms, serial_shops, shop, minmay_misc_feat_enclosed,
          grunt_decor_junction, minmay_diced_spiral
D:8:      layout_basic, nicolae_qazlal_eye_of_the_storm, minmay_hedge_maze
D:9:      layout_loops_ring, evilmike_ruin_ashenzari,
          mainiacjoe_overflow_alcove_1, kennysheep_mini_moat,
          nicolae_overflow_crystal_walls, okawaru_metal_pillars_1_2,
          david_orc_2, uniq_harold, uniq_maurice
D:10:     layout_stronghold
D:11:     layout_cave_pools, erik_lair_orcish_takeover,
          chequers_serial_rivers_small_3, roderic_serpentine_path
Temple:   dpeg_chambers_temple
Lair:1:   layout_cave_pods, serial_rivers, chequers_serial_rivers_micro_d,
          chequers_serial_rivers_micro_b, chequers_serial_rivers_small_b,
          chequers_serial_rivers_marsh, chequers_serial_rivers_room_b,
          grunt_megastairs_3
Lair:2:   layout_small_grid, elwin_shoals_entry_stream,
          spider_nest_entry_rubble, gammafunk_ghost_grave, roderic_carrion_pond,
          serial_bayou_shore_a, uniq_prince_ribbit2
Lair:3:   layout_loops_ring, gammafunk_ghost_ooze, st_stairs_7
Lair:4:   layout_small_grid, slime_entry_2, nicolae_lair_time_for_slime,
          uniq_nessos
Lair:5:   evil_forest, layout_regular_city, gammafunk_ghost_split
Spider:1: layout_spider_delve, uniq_louise
Spider:2: layout_spider_delve, drop_trap, nicolae_spider_webs_and_nodes,
          nicolae_spider_baby_got_redback

Skill      XL: |  1  2  3  4  5  6  7  8  9 10 11 12 13 14 |
---------------+-------------------------------------------+-----
Short Blades   | 2 3 4 5 6 8 10 | 10.0
Fighting       | 3 5 6 10 | 10.7
Armour         | 6 7 11 | 11.1
Dodging        | 6 9 |  9.5
Stealth        | 9 12 | 12.6
Throwing       | |  1.7

Action                     |  1- 3 |  4- 6 |  7- 9 | 10-12 | 13-15 || total
---------------------------+-------+-------+-------+-------+-------++-------
  Melee: Dagger            |    52 |   177 |   478 |  1006 |  1160 ||  2873
         Bite              |    18 |    49 |   176 |   350 |   451 ||  1044
  Throw: Dart              |     9 |       |       |       |       ||     9
 Invoke: Serpent's Lash    |       |       |       |     2 |     4 ||     6
Ability: Lunge             |       |       |    13 |    31 |    25 ||    69
         Whirlwind         |       |       |    11 |   314 |   289 ||   614
  Evoke: Wand              |       |       |     8 |       |     1 ||     9
    Use: Scroll            |       |       |     3 |       |    13 ||    16
   Stab: Sleeping          |     1 |     1 |       |       |       ||     2
         Invisible         |       |       |     4 |       |     1 ||     5
         Distracted        |       |       |       |       |     1 ||     1
 Armour: Leather armour    |    42 |    42 |       |       |       ||    84
         Chain mail        |       |   113 |   519 |   431 |   546 ||  1609
  Dodge: Dodged            |    37 |    74 |   178 |   256 |   409 ||   954

Table legend: (Time is in decaauts)
 A = Elapsed time spent in this place.
 B = Non-inter-level travel time spent in this place.
 C = Inter-level travel time spent in this place.
 D = Time resting spent in this place.
 E = Time spent auto-exploring this place.
 F = Levels seen in this place.
 G = Mean time per level.
                   A        B        C        D        E       F      G
               +--------+--------+--------+--------+--------+-----+--------+
         Total |   5931 |   5647 |    284 |      5 |      0 |  19 |  312.2 |
       Dungeon |   3542 |   3397 |    145 |      0 |      0 |  11 |  322.0 |
        Temple |     42 |      2 |     40 |      0 |      0 |   1 |   42.0 |
          Lair |   2295 |   2196 |     99 |      5 |      0 |   5 |  459.0 |
   Spider Nest |     50 |     50 |      0 |      0 |      0 |   2 |   25.0 |
               +--------+--------+--------+--------+--------+-----+--------+

Top non-repeatable levels by time:
  Lair:5: 752 daAuts
  Lair:2: 506 daAuts
  Lair:3: 497 daAuts
    D:10: 413 daAuts
     D:8: 410 daAuts
     D:9: 404 daAuts
     D:4: 369 daAuts
     D:6: 365 daAuts
  Lair:4: 348 daAuts
     D:5: 329 daAuts
     D:2: 318 daAuts
    D:11: 260 daAuts
     D:1: 256 daAuts
     D:7: 251 daAuts
  Lair:1: 190 daAuts
